 Dungeon Crawl Stone Soup version 0.18-a0-1773-gec4f98e (webtiles) character file.

350 Zhenya25pyc the Skirmisher (level 6, -8/40 HPs)
             Began as a Gargoyle Fighter on Apr 14, 2016.
             Was an Initiate of Makhleb.
             Mangled by an ogre
             ... wielding a +0 giant spiked club
              (14 damage)
             ... on level 5 of the Dungeon.
             The game lasted 00:07:59 (3043 turns).

Zhenya25pyc the Skirmisher (Gargoyle Fighter)       Turns: 3043, Time: 00:08:01

Health: -8/40      AC: 24    Str: 22    XL:     6   Next: 60%
Magic:  6/6        EV:  4    Int:  8    God:    Makhleb [......]
Gold:   252        SH:  9    Dex:  9    Spells: 0 memorised, 5 levels left

rFire  . . .     SeeInvis .     u - +2 mace (protect)
rCold  . . .     Gourm    .     v - +0 plate armour
rNeg   + . .     Faith    .     c - +0 shield
rPois  ∞         Spirit   .     y - +0 helmet
rElec  +         Dismiss  .     l - +0 cloak
rCorr  .         Reflect  .     (no gloves)
SustAt .         Harm     .     (no boots)
MR     .....                    (no amulet)
Stlth  ..........               (no ring)
                                (no ring)

@: not resistant to hostile enchantments, extremely unstealthy
A: negative energy resistance 1, electricity resistance, unbreathing,
petrification resistance, rot immunity, AC +4
a: Renounce Religion


You were on level 5 of the Dungeon.
You worshipped Makhleb.
Makhleb was noncommittal.
You were not hungry.

You visited 2 branches of the dungeon, and saw 6 of its levels.

You collected 252 gold pieces.

Inventory:

Hand Weapons
 u - a +2 mace of protection (weapon)
Missiles
 n - 3 tomahawks of returning (quivered)
Armour
 c - a +0 shield (worn)
 l - a +0 cloak (worn)
 v - a +0 plate armour (worn)
 y - a +0 helmet (worn)
Wands
 a - a wand of paralysis (8/24)
 r - a wand of iceblast (6/15)
Scrolls
 b - a scroll of noise {unknown}
 j - 6 scrolls of identify {unknown}
 m - 2 scrolls of teleportation {unknown}
 o - 3 scrolls of recharging {unknown}
 p - a scroll of blinking {unknown}
 t - a scroll of remove curse {unknown}
 w - a scroll of random uselessness {unknown}
Potions
 d - 2 potions of might
 e - 3 potions of haste {unknown}
 h - 3 potions of curing
 k - a potion of heal wounds {unknown}
 q - 2 potions of flight {unknown}
 s - 2 potions of mutation {unknown}
 x - a potion of agility {unknown}
 z - a potion of brilliance {unknown}
Comestibles
 f - 3 bread rations
 g - 2 beef jerkies
 i - 2 meat rations


   Skills:
 + Level 4.9 Fighting
 * Level 4.8 Maces & Flails
 + Level 4.8 Armour
 - Level 0.1 Dodging
 - Level 3.4 Shields


You had 5 spell levels left.
You didn't know any spells.

Dungeon Overview and Level Annotations

Branches:
Dungeon (5/15)             Temple (1/1) D:4

Altars:
Ashenzari
Cheibriados
Dithmenos
Elyvilon
Fedhas
Gozag
Makhleb
Nemelex Xobeh
Okawaru
Pakellas
Qazlal
Ru
Sif Muna
Trog
Vehumet
Xom
Yredelemnul
Zin
The Shining One

Annotations:
D:5 Dowan


Innate Abilities, Weirdness & Mutations

You are resistant to torment.
Your stone body is resilient (AC +4).
You are immune to poison.
You resist negative energy.
You are resistant to electric shocks.
You can survive without breathing.
You are immune to petrification.
You are immune to rotting.


Message History

You hit the ogre.
The ogre is moderately wounded.
The ogre hits you with a giant spiked club!
* * * LOW HITPOINT WARNING * * *
You hit the ogre.
The ogre is heavily wounded.
You block the ogre's attack.
Dowan gestures wildly while chanting.
Dowan blinks!
You feel better.
The ogre hits you with a giant spiked club!
* * * LOW HITPOINT WARNING * * *
You feel better.
Dowan says, "Her death will not be in vain!"
Dowan gestures wildly while chanting.
Dowan blinks!
You hit the ogre.
The ogre is severely wounded.
The ogre hits you with a giant spiked club!
You die...

##.##
.......
#..#
###.......
##.###.e..#
#....>.###
##...###
#..## #.##
#)# #@#
##O## #...#
.O.....#.#
......# #§#
....## .e.
...# ..?.
... .....
.. .....


You could see an ogre and Dowan.

Vanquished Creatures
  Duvessa (D:5)
  A crimson imp (D:4)
  A hound (D:4)
  An orc priest (D:4)
  A centaur skeleton (D:4)
  Ijyb (D:2)
  2 adders (D:4)
  An ooze (D:1)
  A dart slug (D:1)
  4 giant geckos
  7 orcs
  9 bats
  6 giant cockroaches
  8 goblins
  4 hobgoblins
  5 jackals
  A ball python (D:4)
  A giant gecko skeleton (D:4)
  5 giant newts
  3 kobolds (D:1)
  10 rats
73 creatures vanquished.

Notes
Turn   | Place    | Note
--------------------------------------------------------------
     0 | D:1      | Zhenya25pyc the Gargoyle Fighter began the quest for the Orb.
     0 | D:1      | Reached XP level 1. HP: 14/14 MP: 1/1
    83 | D:1      | Reached XP level 2. HP: 5/19 MP: 2/2
   440 | D:1      | Found a sparkling altar of Nemelex Xobeh.
   670 | D:1      | Reached XP level 3. HP: 23/23 MP: 3/3
  1132 | D:2      | Found an oddly glowing altar of Pakellas.
  1530 | D:2      | Noticed Ijyb
  1562 | D:2      | Killed Ijyb
  1562 | D:2      | Reached XP level 4. HP: 20/29 MP: 4/4
  1639 | D:2      | Found a shadowy altar of Dithmenos.
  1650 | D:2      | Found a radiant altar of Vehumet.
  1742 | D:2      | Found a basalt altar of Yredelemnul.
  2390 | D:4      | Reached XP level 5. HP: 32/33 MP: 5/5
  2407 | D:4      | Found a staircase to the Ecumenical Temple.
  2428 | Temple   | Entered the Ecumenical Temple
  2469 | Temple   | Became a worshipper of Makhleb the Destroyer
  2820 | D:4      | Reached XP level 6. HP: 39/39 MP: 6/6
  2985 | D:5      | Entered Level 5 of the Dungeon
  3011 | D:5      | Noticed Duvessa
  3011 | D:5      | Noticed Dowan
  3036 | D:5      | Killed Duvessa
  3041 | D:5      | HP: 1/40 [ogre/giant spiked club (7)]
  3043 | D:5      | Mangled by an ogre

Vault maps used:
D:1:      mrwooster_arrival_statue_2, nemelex_diamond_rough_becter
D:2:      minmay_overflow_temple_star_quad, first_bread, grunt_pakellas_basics,
          uniq_iyjb
D:4:      minmay_temple_entry_junction, kennysheep_small_circle
D:5:      overflow_temple_1_default, makhleb_altar_promises_db, uniq_edmund,
          uniq_eustachio, uniq_duvessa
Temple:   lightli_temple_of_artemis

Skill      XL: |  1  2  3  4  5 |
---------------+----------------+-----
Armour         | 4 |  4.8
Maces & Flails | 3 4 |  4.8
Fighting       | 4 |  4.9
Dodging        | |  0.1
Shields        | |  3.4

Action                   |  1- 3 |  4- 6 || total
-------------------------+-------+-------++-------
Melee: Flail             |   172 |    80 ||   252
       Mace              |       |   144 ||   144
  Use: Potion            |       |     2 ||     2
  Eat: Chunk             |     2 |     6 ||     8
Armor: Scale mail        |   108 |    63 ||   171
       Plate armour      |       |   122 ||   122
Dodge: Dodged            |    55 |    64 ||   119
Block: Shield            |   100 |   134 ||   234
